 Dungeon Crawl Stone Soup version 0.23.1 (webtiles) character file.

Game seed: 14226498055256256906

6653 Peloso the Carver (level 10, -7/91 HPs)
             Began as a Minotaur Fighter on Mar 19, 2019.
             Was an Elder of Okawaru.
             Mangled by a seven-headed hydra (11 damage)
             ... on level 11 of the Dungeon.
             The game lasted 00:19:33 (8029 turns).

Peloso the Carver (Minotaur Fighter)                Turns: 8029, Time: 00:19:39

Health: -7/91      AC: 14    Str: 28    XL:     10   Next: 73%
Magic:  16/18      EV: 13    Int:  5    God:    Okawaru [****..]
Gold:   694        SH: 15    Dex: 11    Spells: 9/9 levels left

rFire    . . .     SeeInvis .   B - +2 whip (flame)
rCold    . . .     Gourm    .   c - +0 shield
rNeg     . . .     Faith    .   t - +0 chain mail
rPois    .         Spirit   .   (helmet restricted)
rElec    .         Reflect  .   (no cloak)
rCorr    .         Harm     .   (no gloves)
MR       .....                  e - +0 pair of boots
Stlth    ..........             H - amulet of the acrobat
HPRegen  0.25/turn              (no ring)
MPRegen  0.16/turn              n - ring of magical power

@: mighty, heroism
A: retaliatory headbutt, horns 2
a: Heroism, Renounce Religion


You were on level 11 of the Dungeon.
You worshipped Okawaru.
Okawaru was greatly pleased with you.
You were not hungry.

You visited 2 branches of the dungeon, and saw 12 of its levels.
You also visited: Ossuary.

You collected 694 gold pieces.

Inventory:

Hand Weapons
 a - a +1 long sword
 B - a +2 whip of flaming (weapon)
Armour
 b - a +0 scale mail
 c - a +0 shield (worn)
 e - a +0 pair of boots (worn)
 t - a +0 chain mail (worn)
Jewellery
 h - an uncursed ring of positive energy
 n - a ring of magical power (right hand)
 w - an uncursed ring of positive energy
 H - an amulet of the acrobat (around neck)
Wands
 i - a wand of flame (64)
Scrolls
 k - 3 scrolls of identify
 q - a scroll of magic mapping
 r - a scroll of teleportation
 s - a scroll of silence
 x - 6 scrolls of remove curse
 y - 3 scrolls of enchant armour {unknown}
 C - a scroll of blinking {unknown}
 D - a scroll of enchant weapon
 E - 3 scrolls of torment {unknown}
Potions
 d - a potion of might
 g - a potion of magic
 j - a potion of berserk rage {unknown}
 l - 4 potions of haste
 m - 3 potions of invisibility
 o - 4 potions of mutation
 p - 6 potions of curing
 u - 5 potions of heal wounds
 v - 8 potions of flight {unknown}
 z - a potion of ambrosia {unknown}
 A - a potion of resistance {unknown}
Comestibles
 f - 22 rations
 F - 3 chunks of flesh


   Skills:
 + Level 9.1(14.1) Fighting
 + Level 11.4(16.4) Long Blades
 + Level 9.0(14.0) Armour
 + Level 3.8(8.8) Dodging
 + Level 0.3(5.3) Stealth
 + Level 10.6(15.6) Shields


You had 9 spell levels left.
You didn't know any spells.
Your spell library contained the following spells:

 Spells                   Type           Power        Failure   Level  Hunger
 Freeze                   Ice            #...         89%         1    ##.....
 Swiftness                Chrm/Air       #.......     96%         2    ###....
 Throw Frost              Conj/Ice       #.....       96%         2    ###....
 Ozocubu's Armour         Chrm/Ice       #.......     99%         3    ####...
 Spectral Weapon          Hex/Chrm       #.......     99%         3    ####...
 Fulminant Prism          Conj/Hex       #.........   100%        4    #####..
 Summon Ice Beast         Ice/Summ       #.......     100%        4    #####..
 Throw Icicle             Conj/Ice       #.......     100%        4    #####..
 Bolt of Magma            Conj/Fire/Erth #.........   100%        5    ######.
 Irradiate                Conj/Tmut      #.........   100%        5    ######.
 Iskenderun's Battlesphe  Conj/Chrm      #.......     100%        5    ######.
 Venom Bolt               Conj/Pois      #.........   100%        5    ######.
 Deflect Missiles         Chrm/Air       #.........   100%        6    #######
 Iron Shot                Conj/Erth      #.........   100%        6    #######
 Orb of Destruction       Conj           #.........   100%        7    #######
 Spellforged Servitor     Conj/Summ      #.........   100%        7    #######


Dungeon Overview and Level Annotations

Branches:
Dungeon (11/15)            Temple (1/1) D:7            Lair (0/6) D:8
    Orc (0/2) D:9

Altars:
Dithmenos
Gozag
Hepliaklqana
Kikubaaqudgha
Nemelex Xobeh
Okawaru
Qazlal
Trog
Wu Jian
Zin
The Shining One

Annotations:
D:8 2 transporters, kubi's ghost, novice MiBe


Innate Abilities, Weirdness & Mutations

You reflexively headbutt those who attack you in melee.
You have a pair of horns on your head.


Message History

You whack the seven-headed hydra! You burn the seven-headed hydra.
The seven-headed hydra is lightly wounded.
You block the seven-headed hydra's attack.
The seven-headed hydra bites you but does no damage.
The seven-headed hydra closely misses you.
The seven-headed hydra bites you but does no damage.
The seven-headed hydra misses you.
You block the seven-headed hydra's attack.
The seven-headed hydra bites you!
* * * LOW HITPOINT WARNING * * *
You hit the seven-headed hydra. You burn the seven-headed hydra.
The seven-headed hydra is moderately wounded.
Unknown command.
You feel very mighty all of a sudden. The seven-headed hydra bites you!
* * * LOW HITPOINT WARNING * * *
The seven-headed hydra bites you!
* * * LOW HITPOINT WARNING * * *
The seven-headed hydra bites you!
You die...

#.# #.# .# #.###.##
.# #.##...##.####.#
#.####.#.............
#....).........#
#########.....#.#
#.............#.#
#.###########D#.#
#............@#.# #
#.##########..#.+
####.###### #..#.#
...........# #..#.#
.#.#.#.###.# #...
.#.#.#.# #... ##.###
# #... ... #..#. ...


You could see a seven-headed hydra.

Vanquished Creatures
  Harold (D:7)
  Pikel (D:7)
  A troll (D:9)
  Grinder (D:6)
  2 hippogriffs
  A spriggan (D:7)
  Sigmund (D:5)
  5 yaks (D:10)
  A hungry ghost (D:7)
  Eustachio (D:5)
  Menkaure (D:7)
  A water moccasin (D:10)
  2 orc warriors
  A hornet zombie (D:9)
  A black bear (D:9)
  A phantom (D:8)
  A slave (D:7)
  2 centaurs (D:5)
  3 ogres
  5 big kobolds
  4 bullfrogs
  2 water moccasin zombies (Ossuary)
  5 scorpions
  6 killer bees (D:9)
  4 crimson imps
  A centaur zombie (D:10)
  2 jellies (D:9)
  A quasit (D:8)
  3 hounds
  A bullfrog skeleton (D:9)
  2 orc priests
  2 iguanas
  5 orc wizards
  5 worker ants
  2 big kobold zombies (Ossuary)
  2 hound zombies
  3 mummies
  2 howler monkey skeletons (D:4)
  4 gnolls (D:2)
  6 adders
  2 shadow imps
  6 adder zombies (Ossuary)
  3 adder skeletons
  3 worms
  2 dart slugs
  3 leopard geckos
  20 orcs
  2 ball pythons
  4 bats
  4 giant cockroaches
  5 gnoll zombies (Ossuary)
  2 goblins
  8 hobgoblins
  16 jackals
  A quokka (D:4)
  6 frilled lizards
  4 hobgoblin zombies (Ossuary)
  47 kobolds
  5 kobold zombies (Ossuary)
  A leopard gecko skeleton (D:4)
  5 orc zombies (Ossuary)
  7 rats
  9 plants (D:9)
260 creatures vanquished.

Vanquished Creatures (others)
  A plant (D:9)
1 creature vanquished.

Grand Total: 261 creatures vanquished

Notes
Turn   | Place    | Note
-------+----------+-------------------------------------------
     0 | D:1      | Peloso the Minotaur Fighter began the quest for the Orb.
     0 | D:1      | Reached XP level 1. HP: 19/19 MP: 0/0
   254 | D:1      | Reached XP level 2. HP: 27/27 MP: 1/1
   601 | D:2      | Found an ornate altar of the Wu Jian Council.
   756 | D:2      | Reached XP level 3. HP: 33/33 MP: 2/2
   763 | D:2      | Reached skill level 3 in Long Blades
   835 | D:2      | Found a sparkling altar of Nemelex Xobeh.
   853 | D:2      | Reached XP level 4. HP: 39/40 MP: 3/3
  1458 | D:3      | Reached skill level 4 in Long Blades
  1458 | D:3      | Reached XP level 5. HP: 40/47 MP: 4/4
  1786 | D:4      | Reached skill level 5 in Shields
  2263 | D:4      | Found an opulent altar of Gozag.
  2263 | D:4      | Found a glowing silver altar of Zin.
  2468 | D:5      | Entered Level 5 of the Dungeon
  2492 | D:5      | Noticed a centaur
  2504 | D:5      | Killed a centaur
  2504 | D:5      | Reached skill level 5 in Long Blades
  2504 | D:5      | Reached XP level 6. HP: 18/53 MP: 5/5
  2656 | D:5      | Reached skill level 5 in Armour
  2759 | D:5      | Identified the Grimoire of Harmful Boosts
  2796 | D:5      | Noticed Sigmund
  2815 | D:5      | Killed Sigmund
  2815 | D:5      | Reached skill level 5 in Fighting
  2815 | D:5      | Reached skill level 1 in Dodging
  2815 | D:5      | Reached XP level 7. HP: 40/61 MP: 6/6
  3076 | D:5      | Noticed Eustachio
  3097 | D:5      | Killed Eustachio
  3202 | D:6      | Noticed Grinder
  3213 | D:6      | Killed Grinder
  3213 | D:6      | Reached skill level 6 in Long Blades
  3238 | D:6      | Reached XP level 8. HP: 18/70 MP: 7/7
  3850 | D:6      | Reached skill level 7 in Long Blades
  4149 | D:7      | Noticed a hippogriff
  4158 | D:7      | Killed a hippogriff
  4181 | D:7      | Found a staircase to the Ecumenical Temple.
  4188 | Temple   | Entered the Ecumenical Temple
  4261 | Temple   | Became a worshipper of Warmaster Okawaru
  4318 | D:7      | Noticed Harold
  4341 | D:7      | Killed Harold
  4341 | D:7      | Reached * piety under Okawaru
  4341 | D:7      | Reached skill level 8 in Long Blades
  4341 | D:7      | Reached XP level 9. HP: 32/79 MP: 8/8
  4590 | D:7      | Reached skill level 9 in Long Blades
  4612 | D:7      | Noticed Pikel
  4632 | D:7      | Killed Pikel
  4632 | D:7      | Reached ** piety under Okawaru
  4655 | D:7      | Found a shadowy altar of Dithmenos.
  4685 | D:7      | Noticed Menkaure
  4696 | D:7      | Killed Menkaure
  4707 | D:7      | Found a hazy altar of Hepliaklqana.
  4712 | D:7      | Reached skill level 10 in Long Blades
  5038 | D:8      | Found a transporter.
  5040 | D:8      | Found a transporter.
  5041 | D:8      | Noticed kubi's ghost (novice MiBe)
  5057 | D:8      | Found a sand-covered staircase.
  5073 | Ossuary  | Entered an ossuary
  5304 | D:8      | Found a staircase to the Lair.
  5438 | D:8      | Reached *** piety under Okawaru
  5438 | D:8      | Reached XP level 10. HP: 83/88 MP: 9/9
  5614 | D:8      | Found a bloodstained altar of Trog.
  6144 | D:9      | Found a glowing golden altar of the Shining One.
  6209 | D:9      | Found a staircase to the Orcish Mines.
  6373 | D:9      | Reached skill level 11 in Long Blades
  6384 | D:9      | Reached skill level 10 in Shields
  6490 | D:9      | Found a sparkling altar of Nemelex Xobeh.
  7132 | D:10     | Entered Level 10 of the Dungeon
  7594 | D:10     | Reached **** piety under Okawaru
  8015 | D:11     | Noticed a seven-headed hydra
  8029 | D:11     | HP: 4/91 [seven-headed hydra (10)]
  8029 | D:11     | Mangled by a seven-headed hydra

Skill      XL: |  1  2  3  4  5  6  7  8  9 10 |
---------------+-------------------------------+-----
Armour         | 4 5 6 7 8 9 |  9.0
Shields        | 4 5 6 8 9 10 | 10.6
Fighting       | 4 5 7 9 |  9.1
Long Blades    | 3 4 5 6 8 10 11 | 11.4
Dodging        | 1 2 3 |  3.8
Stealth        | |  0.3

Action                   |  1- 3 |  4- 6 |  7- 9 | 10-12 || total
-------------------------+-------+-------+-------+-------++-------
Melee: Long sword        |    54 |   111 |   354 |   397 ||   916
       Headbutt          |    11 |    20 |    82 |   100 ||   213
       Whip              |       |       |       |     3 ||     3
Invok: Heroism           |       |       |       |     1 ||     1
  Use: Scroll            |       |    11 |     7 |       ||    18
       Potion            |       |       |       |     1 ||     1
  Eat: Chunk             |       |     3 |     9 |     9 ||    21
       Ration            |       |     1 |       |       ||     1
Armor: Scale mail        |    22 |     1 |       |       ||    23
       Chain mail        |       |    51 |   158 |    89 ||   298
Dodge: Dodged            |    18 |    24 |    99 |    79 ||   220
Block: Shield            |    22 |    73 |   257 |   185 ||   537
       Rpst.: Long sword |     4 |     4 |    30 |    31 ||    69
